[Event "FIDE Women World Blitz 2021"]
[Site "Warsaw"]
[Date "2021.12.30"]
[Round "15.3"]
[White "Abdumalik, Zhansaya"]
[Black "Koneru, Humpy"]
[Result "1/2-1/2"]
[ECO "C47"]
[WhiteElo "2507"]
[BlackElo "2586"]
[Annotator "ChessBase"]
[PlyCount "87"]
[EventDate "2021.12.29"]
[EventType "swiss"]
[EventCountry "POL"]
[Tiebreak "Cut1 Buchholz"]
[SourceTitle "playchess.com"]
[Source "ChessBase"]
[SourceQuality "1"]
[TimeControl "180+2"]

1. e4 e5 2. Nf3 Nc6 3. d4 exd4 4. Nxd4 Nf6 5. Nxc6 bxc6 6.
Bd3 d5 7. Nc3 Bb4 8. exd5 cxd5 9. O-O O-O 10. Bg5 c6 11. Qf3 Be7 12. Rfe1 Re8 13. h3 h6 14. Bf4 Be6 15. Ne2 Bd6 16. Nd4 Bxf4 17. Nxe6 fxe6 18. Qxf4 Qb8 19. Qa4 Qd6 20. Bg6 Re7 21. f4 Rb8 22. b3 Nd7 23.
Rf1 Nf8 24. Bd3 Rb4 25. Qa3 c5 26. c3 Rxf4 27. Rxf4 Qxf4 28. Qxc5 Rc7 29. Qd4 Qxd4+ 30. cxd4 Rc3 31. Rd1 Kf7 32. Kf2 e5 33. dxe5 Ke6 34. Ke2 Kxe5 35. Kd2 Rc7 36. Re1+ Kd6 37. Bf5 g6 38. Bg4 h5 39. Be2 Ne6 40. Rf1 Ke5 41. h4 Nc5 42. Bd3 Ne4+ 43.
Bxe4 dxe4 44. Rf8 1/2-1/2

[Event "FIDE Women World Blitz 2021"]
[Site "Warsaw"]
[Date "2021.12.30"]
[Round "15.3"]
[White "Rakhmangulova, Anastasiya"]
[Black "Smietanska, Wiktoria"]
[Result "1-0"]
[ECO "B86"]
[WhiteElo "2174"]
[BlackElo "1765"]
[Annotator "NA"]
[PlyCount "69"]
[EventDate "2021.12.29"]
[EventType "swiss"]
[EventCountry "POL"]
[Tiebreak "Cut1 Buchholz"]
[SourceTitle "playchess.com"]
[Source "ChessBase"]
[SourceQuality "1"]
[TimeControl "180+2"]

1. e4 c5 2. Nf3 d6 3. d4 cxd4 4. Nxd4 Nf6 5. Nc3 a6 6. Bc4 e6 7. Bb3 Nbd7 8. O-O Nc5 9. Bg5 Be7 10. Qe2 h6 11. Bh4 O-O 12. Rad1 Qc7 13.
Bg3 b5 14. a3 Bb7 15. f3 Rfd8 16. Rd2 Rac8 17. Rfd1 Qb6 18. Kh1 Nxb3 19. Nxb3 d5 20. e5 Nd7 21. Na2 a5 22. f4 a4 23. Nd4 Ba6 24. Nb4 Rc4 25.
c3 Nc5 26. f5 Bg5 27. Rc2 exf5 28. Nxf5 Re4 29. Qf3 g6 30. Nd4 Bb7 31. Rf2 Rd7 32. Rdf1 h5 33. Qd1 Qc7 34. e6 Nxe6 35. Bxc7 1-0

[Event "FIDE Women World Blitz 2021"]
[Site "Warsaw"]
[Date "2021.12.30"]
[Round "15.4"]
[White "Kosteniuk, Alexandra"]
[Black "Vaishali R"]
[Result "1-0"]
[ECO "B22"]
[WhiteElo "2518"]
[BlackElo "2405"]
[Annotator "ChessBase"]
[PlyCount "123"]
[EventDate "2021.12.29"]
[EventType "swiss"]
[EventCountry "POL"]
[Tiebreak "Cut1 Buchholz"]
[SourceTitle "playchess.com"]
[Source "ChessBase"]
[SourceQuality "1"]
[TimeControl "180+2"]

1. e4 c5 2. c3 Nf6 3. e5 Nd5 4. Nf3 d6 5. Bc4 dxe5 6. Nxe5 e6 7. O-O Bd6 8. d4 cxd4 9. cxd4 Nc6 10. Nxc6 bxc6 11. Nc3 O-O 12. Qh5 Rb8 13. Bd3 f5 14. Ne2 Bd7 15. b3 Qc7 16. Bd2 Nf6 17. Qh4 Nd5 18.
Rac1 Rbe8 19. f4 c5 20. Qf2 Rc8 21. Kh1 Qb6 22. Bc4 Nf6 23.
Qe3 Ne4 24. Be1 Kh8 25. d5 exd5 26. Bxd5 Rce8 27. Qf3 Bb5 28. Rc2 Qa6 29. Bc4 Bxc4 30. bxc4 Rb8 31. Ng3 Qc6 32. Nxe4 fxe4 33. Qe3 Rb1 34. Re2 Re8 35. g3 h6 36. Kg2 Rd1 37. Bd2 Rxf1 38. Kxf1 Qa4 39. Qb3 Qxb3 40. axb3 Rb8 41. Re3 Kg8 42. Ke2 Kf7 43. Kd1 Re8 44. Kc2 h5 45. Re1 Kg6 46. Be3 Re6 47. Ra1 Bb8 48. Bxc5 e3 49. Re1 h4 50. Rxe3 Rxe3 51. Bxe3 Kf5 52. gxh4 Kg4 53. c5 Kxh4 54. c6 Kh3 55. f5 Kg4 56. Bxa7 Bxh2 57. Bb6 Kxf5 58. c7 Bxc7 59. Bxc7 g5 60. Kc3 Ke6 61. Kc4 Kd7 62. Bg3 1-0

[Event "FIDE Women World Blitz 2021"]
[Site "Warsaw"]
[Date "2021.12.30"]
[Round "15.4"]
[White "Kubicka, Anna"]
[Black "Parol, Pola"]
[Result "1-0"]
[ECO "B20"]
[WhiteElo "2273"]
[BlackElo "1823"]
[Annotator "NA"]
[PlyCount "90"]
[EventDate "2021.12.29"]
[EventType "swiss"]
[EventCountry "POL"]
[Tiebreak "Cut1 Buchholz"]
[SourceTitle "playchess.com"]
[Source "ChessBase"]
[SourceQuality "1"]
[TimeControl "180+2"]

1. e4 c5 2. Ne2 d6 3. g3 Nc6 4. Bg2 Nf6 5. O-O g6 6. c3 e5 7. d4 Qc7 8. h3 Bg7 9. Be3 b6 10. f4 cxd4 11. cxd4 O-O 12. fxe5 dxe5 13. d5 Nb4 14. Nbc3 Na6 15. Rc1 Qd8 16. Kh2 Nd7 17. a3 Nac5 18. b4 Nb7 19. Nb5 Nf6 20.
Qd3 Nd6 21. Nxd6 Qxd6 22. Rc6 Qd8 23. Rfc1 Bd7 24. Rc7 Ne8 25. R7c2 Nd6 26. Nc3 Rc8 27. a4 Qe7 28. a5 Qd8 29. axb6 axb6 30. Ne2 Rxc2 31. Qxc2 Nb5 32. Nc3 Nd4 33. Qd1 Qe7 34. b5 f5 35. exf5 gxf5 36. Bxd4 exd4 37. Ne2 Qe3 38. Nf4 Be5 39. Qf1 Ra8 40. Re1 Qd2 41. Rxe5 Ra2 42. Re7 Bc8 43. Re8+ Kg7 44. Rxc8 d3 45. Rc7+ Kf6 1-0

[Event "FIDE Women World Blitz 2021"]
[Site "Warsaw"]
[Date "2021.12.30"]
[Round "15.5"]
[White "Kulon, Klaudia"]
[Black "Goryachkina, Aleksandra"]
[Result "0-1"]
[ECO "E05"]
[WhiteElo "2328"]
[BlackElo "2604"]
[Annotator "ChessBase"]
[PlyCount "86"]
[EventDate "2021.12.29"]
[EventType "swiss"]
[EventCountry "POL"]
[Tiebreak "Cut1 Buchholz"]
[SourceTitle "playchess.com"]
[Source "ChessBase"]
[SourceQuality "1"]
[TimeControl "180+2"]

1. c4 e6 2. g3 d5 3. Bg2 Nf6 4. Nf3 Be7 5. O-O O-O 6. d4 dxc4 7. Qc2 a6 8. a4 Bd7 9. Qxc4 Bc6 10. Nc3 b5 11. Qb3 b4 12. Nb1 Bd5 13.
Qd1 Nbd7 14. Bf4 c5 15. Nbd2 Rc8 16. Re1 cxd4 17. Nxd4 Bxg2 18. Kxg2 e5 19. Nf5 exf4 20. Rc1 Rxc1 21. Qxc1 g6 22. Nxe7+ Qxe7 23. Qc6 fxg3 24. hxg3 Qe5 25. Qxa6 Qxb2 26. Nf3 Qc3 27. Rb1 Rb8 28. Qd6 b3 29. a5 Qxa5 30. Rb2 Qc3 31. Qa3 Qb4 32. Qa7 Qb6 33. Qa3 Nc5 34. Nd4 Nfe4 35. e3 Nd6 36. Rb1 Nc4 37. Qc1 Ne5 38. Qc3 b2 39. f4 Ned3 40. Nf3 Qb3 41. Qf6 Qc2+ 42. Kh3 Qxb1 43. Ng5 Qh1+ 0-1

[Event "FIDE Women World Blitz 2021"]
[Site "Warsaw"]
[Date "2021.12.30"]
[Round "15.5"]
[White "Wikar, Martyna"]
[Black "Bartel, Marta"]
[Result "1-0"]
[ECO "B51"]
[WhiteElo "1899"]
[BlackElo "2192"]
[Annotator "NA"]
[PlyCount "145"]
[EventDate "2021.12.29"]
[EventType "swiss"]
[EventCountry "POL"]
[Tiebreak "Cut1 Buchholz"]
[SourceTitle "playchess.com"]
[Source "ChessBase"]
[SourceQuality "1"]
[TimeControl "180+2"]

1. e4 c5 2. Nf3 Nc6 3. Bb5 d6 4. O-O Bd7 5. Re1 Nf6 6. h3 a6 7. Bf1 g6 8. c3 Bg7 9. d4 cxd4 10. cxd4 e5 11. Nc3 O-O 12. Be3 b5 13.
a3 Re8 14. dxe5 dxe5 15. Rc1 Na5 16. Nd5 Nxd5 17. Qxd5 Be6 18. Qxd8 Rexd8 19. Bb6 Nb3 20. Bxd8 Nxc1 21. Bc7 Nb3 22. Bxe5 Rc8 23. Bd3 Bxe5 24. Nxe5 Kg7 25. Kh2 Nc5 26. Bb1 Na4 27. b4 Rc3 28. Re3 Rxe3 29. fxe3 Nc3 30. Bc2 Kf6 31. Nc6 Bc8 32. Na5 Ke5 33. Nc6+ Kd6 34. Nd4 Ke5 35. Nf3+ Kf6 36. Kg3 h6 37. e5+ Ke6 38. h4 Bb7 39. Kf4 Ne2+ 40. Kg4 Bxf3+ 41. Kxf3 Nc3 42. Kf4 Nd5+ 43. Ke4 Ne7 44. Bb3+ Kd7 45. Bxf7 g5 46. hxg5 hxg5 47. g4 Nc6 48. Kd5 Ne7+ 49. Kc5 Nc8 50. Bg6 Na7 51. Bf5+ Kc7 52. e6 Nc6 53. e4 Ne7 54. Kd4 Kd6 55. e5+ Kc6 56. Be4+ Kb6 57. Bd3 Kc6 58. Ke4 Kb6 59. Bc2 Kc6 60. a4 bxa4 61. Bxa4+ Kb6 62. Kd4 Kc7 63. Kc5 Nc8 64. Bd7 Ne7 65. Be8 Nc8 66. Bd7 Ne7 67. Ba4 Nc8 68. Bc2 Ne7 69. Bd3 Kb7 70. Kd6 Nc8+ 71. Kd7 Nb6+ 72. Kd8 Nd5 73. e7 1-0

[Event "FIDE Women World Blitz 2021"]
[Site "Warsaw"]
[Date "2021.12.30"]
[Round "15.6"]
[White "Buksa, Nataliya"]
[Black "Dzagnidze, Nana"]
[Result "0-1"]
[ECO "D00"]
[WhiteElo "2199"]
[BlackElo "2524"]
[Annotator "ChessBase"]
[PlyCount "76"]
[EventDate "2021.12.29"]
[EventType "swiss"]
[EventCountry "POL"]
[Tiebreak "Cut1 Buchholz"]
[SourceTitle "playchess.com"]
[Source "ChessBase"]
[SourceQuality "1"]
[TimeControl "180+2"]

1. d4 Nf6 2. Nc3 d5 3. Bf4 a6 4. e3 Bf5 5. Nf3 h6 6. Ne5 e6 7. Bd3 Bxd3 8. cxd3 Be7 9. O-O O-O 10. Rc1 Nbd7 11. e4 c5 12. Nxd7 Qxd7 13. e5 Nh7 14. Ne2 Rfc8 15. Be3 cxd4 16. Nxd4 Nf8 17. Nb3 Rxc1 18. Qxc1 Rc8 19. Qd2 Ng6 20. f4 h5 21. Rc1 Nh4 22. Rxc8+ Qxc8 23. Qc3 Qd7 24. Bc5 Nf5 25. Qb4 Bxc5+ 26. Qxc5 Qa4 27. Qc8+ Kh7 28. g3 Qxa2 29. Qxb7 Qxb2 30. Qxf7 Qxb3 31. Qxe6 Qxd3 32. Qf7 Qd1+ 33. Kf2 Qc2+ 34. Kg1 Qd1+ 35. Kf2 Nh6 36. e6 Nxf7 37. exf7 Qc2+ 38. Kf1 Qf5 0-1

[Event "FIDE Women World Blitz 2021"]
[Site "Warsaw"]
[Date "2021.12.30"]
[Round "15.6"]
[White "Jakubowska, Anna"]
[Black "Zabrzanska, Weronika"]
[Result "1-0"]
[ECO "C26"]
[WhiteElo "2106"]
[BlackElo "1596"]
[Annotator "NA"]
[PlyCount "91"]
[EventDate "2021.12.29"]
[EventType "swiss"]
[EventCountry "POL"]
[Tiebreak "Cut1 Buchholz"]
[SourceTitle "playchess.com"]
[Source "ChessBase"]
[SourceQuality "1"]
[TimeControl "180+2"]

1. e4 e5 2. Nc3 Nf6 3. g3 d5 4. exd5 Nxd5 5. Bg2 c6 6. Nge2 Bc5 7. O-O O-O 8. Nxd5 cxd5 9. d4 exd4 10. Nxd4 Qf6 11. Nb3 Na6 12. Nxc5 Nxc5 13. Qxd5 Ne6 14. c3 Rd8 15. Qf3 Qe7 16. Be3 Bd7 17. Qxb7 Rdb8 18. Qxa8 Rxa8 19. Bxa8 h6 20. Rad1 f5 21. Bd5 Kh7 22. Rfe1 Qf6 23. Bg2 Bc8 24. f4 Qf7 25. Bd5 Qc7 26. Bf2 Nc5 27. Bxc5 Qxc5+ 28. Rd4 Qb6 29. b4 Qc7 30. c4 a5 31. a3 Qa7 32. c5 Ba6 33. Be6 Kg6 34. Rd5 axb4 35. Bxf5+ Kf6 36. Re6+ Kf7 37. Red6 Kf8 38. Rd8+ Ke7 39. R8d7+ Qxd7 40. Rxd7+ Ke8 41.
axb4 Bc8 42. Rd5 Bb7 43. Bd7+ Ke7 44. c6 Ba8 45. c7 Bxd5 46.
c8=Q 1-0

[Event "FIDE Women World Blitz 2021"]
[Site "Warsaw"]
[Date "2021.12.30"]
[Round "15.7"]
[White "Stefanova, Antoaneta"]
[Black "Babiy, Olga"]
[Result "1-0"]
[ECO "D02"]
[WhiteElo "2475"]
[BlackElo "2179"]
[Annotator "ChessBase"]
[PlyCount "118"]
[EventDate "2021.12.29"]
[EventType "swiss"]
[EventCountry "POL"]
[Tiebreak "Cut1 Buchholz"]
[SourceTitle "playchess.com"]
[Source "ChessBase"]
[SourceQuality "1"]
[TimeControl "180+2"]

1. Nf3 d5 2. g3 Nd7 3. d4 Nb6 4. Bg2 Bf5 5. O-O e6 6. a4 a5 7. c3 h6 8. Nbd2 Nf6 9. Re1 c5 10. Qb3 c4 11. Qb5+ Nbd7 12. b3 cxb3 13.
Qxb3 Qb6 14. Ba3 Qxb3 15.
Nxb3 Bxa3 16. Rxa3 Ke7 17.
Nfd2 Rhc8 18. Rc1 Rc7 19. c4 Rac8 20. c5 b6 21. Bf1 bxc5 22. dxc5 Nxc5 23. Nxa5 Nce4 24.
Rxc7+ Rxc7 25. Nxe4 Nxe4 26. f3 Nd2 27. Ra1 Nc4 28. Nb3 Ra7 29.
Nd4 Ra8 30. e4 Bg6 31. exd5 exd5 32. Nb5 Kd7 33. Rd1 Kc6 34. Nc3 Kc7 35. Nxd5+ Kc6 36. Bxc4 Rxa4 37. Ne7+ Kc5 38. Nxg6 Rxc4 39.
Ne5 Rc3 40. f4 f6 41. Ng6 Rc2 42. h4 Kc6 43. Ne7+ Kc7 44. Nf5 g5 45. Nxh6 gxh4 46. gxh4 Rc4 47. Rf1 Kd6 48. Kg2 Ke6 49. Ng4 Rc3 50. Rf3 Rc2+ 51. Kg3 Rc1 52. f5+ Kf7 53. Rb3 Rc5 54. Rb7+ Kf8 55. Nh6 Rc6 56. Kg4 Ke8 57. Kh5 Rc4 58. Rf7 Re4 59. Rxf6 Rf4 1-0

[Event "FIDE Women World Blitz 2021"]
[Site "Warsaw"]
[Date "2021.12.30"]
[Round "15.7"]
[White "Gil Quilez, Sonia"]
[Black "Rudzinska, Michalina"]
[Result "0-1"]
[ECO "A61"]
[WhiteElo "2122"]
[BlackElo "1832"]
[Annotator "NA"]
[PlyCount "100"]
[EventDate "2021.12.29"]
[EventType "swiss"]
[EventCountry "POL"]
[Tiebreak "Cut1 Buchholz"]
[SourceTitle "playchess.com"]
[Source "ChessBase"]
[SourceQuality "1"]
[TimeControl "180+2"]

1. d4 Nf6 2. c4 e6 3. Nc3 c5 4. d5 exd5 5. cxd5 d6 6. Nf3 g6 7. Bf4 a6 8. a4 Bg7 9. e3 O-O 10. Be2 Ne8 11. O-O Nd7 12. Nd2 Ne5 13. Nc4 Nxc4 14. Bxc4 Qe7 15. a5 f5 16. Na4 g5 17. Nb6 Rb8 18. Bg3 f4 19. exf4 gxf4 20.
Nxc8 Rxc8 21. Qg4 fxg3 22. Qxc8 Qh4 23. fxg3 Qd4+ 24. Kh1 Qxc4 25. Rxf8+ Kxf8 26. Qf5+ Nf6 27. Rf1 Kg8 28.
Qe6+ Kh8 29. Qc8+ Ng8 30. Rd1 Qe2 31. Rb1 Qe4 32. Rd1 Qe2 33.
Rb1 Qc2 34. Re1 Qxb2 35. Qe6 c4 36. h3 c3 37. Qf7 c2 38.
Re8 c1=Q+ 39. Kh2 Bf8 40. Rxf8 Qg7 41. Qf2 Qcc3 42. Rf3 Qce5 43. Re3 Qxd5 44. Qe2 Qdd4 45. Rf3 Qde5 46. Qc2 d5 47. Rf4 d4 48. Qd3 Qc5 49. Rxd4 Qcxd4 50. Qxd4 Qxd4 0-1

[Event "FIDE Women World Blitz 2021"]
[Site "Warsaw"]
[Date "2021.12.30"]
[Round "15.8"]
[White "Bivol, Alina"]
[Black "Socko, Monika"]
[Result "0-1"]
[ECO "C12"]
[WhiteElo "2377"]
[BlackElo "2393"]
[Annotator "NA"]
[PlyCount "74"]
[EventDate "2021.12.29"]
[EventType "swiss"]
[EventCountry "POL"]
[Tiebreak "Cut1 Buchholz"]
[SourceTitle "playchess.com"]
[Source "ChessBase"]
[SourceQuality "1"]
[TimeControl "180+2"]

1. e4 e6 2. d4 d5 3. Nc3 Nf6 4. Bg5 Bb4 5. e5 h6 6. Bc1 Ne4 7. Qd3 c5 8. a3 c4 9. Qe3 Qa5 10. Nge2 Nc6 11. f3 Nxc3 12. bxc3 Be7 13. f4 Qa4 14. Ra2 Bd7 15. g3 O-O-O 16. Bg2 Kb8 17. O-O f5 18. exf6 Bxf6 19. g4 Ne7 20. Ng3 g6 21. g5 Bg7 22. Re1 Rde8 23. gxh6 Rxh6 24. Qf3 Rhh8 25. Qg4 Qc6 26. Rb2 Ka8 27. Bd2 e5 28. Qd1 exd4 29. Ne2 Nf5 30. Rb1 Qc5 31. cxd4 Bxd4+ 32. Nxd4 Qxd4+ 33. Kf1 Rxh2 34. Rxe8+ Bxe8 35. Qe1 Bc6 36. Qe5 Ng3+ 37. Ke1 Qg1+ 0-1

[Event "FIDE Women World Blitz 2021"]
[Site "Warsaw"]
[Date "2021.12.30"]
[Round "15.8"]
[White "Jarocka, Liwia"]
[Black "Zairbek kyzy, Begimai"]
[Result "0-1"]
[ECO "A06"]
[WhiteElo "1851"]
[BlackElo "1701"]
[Annotator "NA"]
[PlyCount "62"]
[EventDate "2021.12.29"]
[EventType "swiss"]
[EventCountry "POL"]
[Tiebreak "Cut1 Buchholz"]
[SourceTitle "playchess.com"]
[Source "ChessBase"]
[SourceQuality "1"]
[TimeControl "180+2"]

1. Nf3 c6 2. b3 d5 3. Bb2 f6 4. d4 e6 5. e3 Bd6 6. Bd3 Ne7 7. O-O O-O 8. c4 Nd7 9. e4 dxe4 10. Bxe4 f5 11. Bc2 Nf6 12. Re1 h6 13. Nc3 Ng6 14. d5 e5 15.
dxc6 bxc6 16. Na4 e4 17. Nd4 Qc7 18. h3 a6 19. c5 Be5 20.
Qe2 Nf4 21. Qc4+ Kh8 22. Nb6 Rb8 23. Rab1 N6d5 24. Nxc8 Qxc8 25. Bc1 Rb4 26. Bxf4 Bxf4 27. Ne2 Rxc4 28. bxc4
Bd2 29. Rf1 Nf4 30. Ng3 Qe6 31. Rfd1 e3 0-1

[Event "FIDE Women World Blitz 2021"]
[Site "Warsaw"]
[Date "2021.12.30"]
[Round "15.9"]
[White "Kamalidenova, Meruert"]
[Black "Muzychuk, Anna"]
[Result "0-1"]
[ECO "C83"]
[WhiteElo "2339"]
[BlackElo "2533"]
[Annotator "ChessBase"]
[PlyCount "112"]
[EventDate "2021.12.29"]
[EventType "swiss"]
[EventCountry "POL"]
[Tiebreak "Cut1 Buchholz"]
[SourceTitle "playchess.com"]
[Source "ChessBase"]
[SourceQuality "1"]
[TimeControl "180+2"]

1. e4 e5 2. Nf3 Nc6 3. Bb5 a6 4. Ba4 Nf6 5. O-O Nxe4 6. d4 b5 7. Bb3 d5 8. dxe5 Be6 9. Be3 Be7 10. c3 Qd7 11. Nbd2 Nxd2 12. Qxd2 Na5 13. Rfd1 Rd8 14. Qe2 O-O 15. Bc2 Nc4 16. Bc1 Bg4 17. b3 Bxf3 18. Qxf3 Nxe5 19. Bxh7+ Kxh7 20. Qh5+ Kg8 21. Qxe5 Bf6 22.
Qg3 c5 23. h4 Qf5 24. Bf4 Rfe8 25. Rac1 Re4 26. Be3 Bxh4 27. Qc7 Rxe3 28. fxe3 Bf2+ 29. Kh1 Re8 30. Qf4 Qh5+ 31. Qh2 Re5 32. g4 Qxh2+ 33. Kxh2 Bxe3 34. Rc2 Bf4+ 35. Kg2 g5 36. Kf2 Kf8 37. Re2 Re6 38. Rxd5 Rf6 39. Kg2 c4 40. bxc4 bxc4 41. Rc5 Rd6 42. Rxc4 Rd3 43. Rc8+ Kg7 44. c4 Rg3+ 45. Kf2 Rxg4 46. c5 Rg3 47. c6 Rc3 48. a4 g4 49. Kg2 f5 50. c7 Kf7 51. Ra8 Bxc7 52. Rxa6 f4 53. Rd2 f3+ 54. Kf2 g3+ 55. Ke1 Rc1+ 56. Rd1 f2+ 0-1

[Event "FIDE Women World Blitz 2021"]
[Site "Warsaw"]
[Date "2021.12.30"]
[Round "15.9"]
[White "Heredia Serrano, Carla"]
[Black "Kazarian, Anna-Maja"]
[Result "1/2-1/2"]
[ECO "C13"]
[WhiteElo "2138"]
[BlackElo "2138"]
[Annotator "NA"]
[PlyCount "154"]
[EventDate "2021.12.29"]
[EventType "swiss"]
[EventCountry "POL"]
[Tiebreak "Cut1 Buchholz"]
[SourceTitle "playchess.com"]
[Source "ChessBase"]
[SourceQuality "1"]
[TimeControl "180+2"]

1. e4 e6 2. d4 d5 3. Nc3 Nf6 4. Bg5 dxe4 5. Nxe4 Nbd7 6. Nf3 Be7 7. Nxf6+ Bxf6 8. Bxf6 Qxf6 9. Bd3 c5 10. Qe2 cxd4 11. O-O-O a6 12. Qe4 Nc5 13. Qxd4 Qxd4 14. Nxd4 O-O 15. Nb3 Nxb3+ 16. axb3 e5 17. Rhe1 f6 18. Bc4+ Kh8 19. f3 Bf5 20. g4 Bg6 21. Rd7 b5 22. Bd3 Be8 23. Rc7 Rf7 24. Rc5 Rd8 25.
Rd1 Rfd7 26. Be2 Rxd1+ 27. Bxd1 Kg8 28. Be2 Rd6 29. Rc8 Kf7 30. Bd3 g6 31. h4 Bd7 32. Rc7 Ke8 33. Ra7 f5 34. Ra8+ Kf7 35.
Ra7 fxg4 36. fxg4 Ke6 37. Be4 Rb6 38. c4 Kd6 39. Kd2 Ke7 40.
Kc3 b4+ 41. Kc2 Ke6 42. Bd5+ Ke7 43. c5 Rb5 44. Kd3 Rxc5 45.
Bc4 a5 46. Ke4 Kd6 47. g5 Bc6+ 48. Ke3 e4 49. Rxh7 Rf5 50. Rh6 Rf3+ 51. Ke2 Be8 52. h5 Rh3 53. hxg6 Rxh6 54. gxh6 Bxg6 55. Ke3
Bh7 56. Ba6 Ke5 57. Bb7 Bg6 58. Bc6 Bh7 59. Bd7 Kd6 60. Bb5 Kc5 61. Be8 Kd5 62. Bd7 Ke5 63. Bc8 Kf6 64. Bb7 Ke5 65. Ba8 Bg6 66. Bb7 Bh7 67. Bc8 Bg8 68. Bb7 Bh7 69. Bc6 Bg6 70. Bb7 Bh7 71. Ba6 Bg6 72. Be2 Bh7 73. Bg4 Bg6 74. Be2 Bh7 75. Bh5 Kf5 76. Bf7 Kf6 77. Bd5 Ke5 1/2-1/2

[Event "FIDE Women World Blitz 2021"]
[Site "Warsaw"]
[Date "2021.12.30"]
[Round "15.10"]
[White "Bodnaruk, Anastasia"]
[Black "Kiolbasa, Oliwia"]
[Result "1-0"]
[ECO "C95"]
[WhiteElo "2396"]
[BlackElo "2403"]
[Annotator "NA"]
[PlyCount "137"]
[EventDate "2021.12.29"]
[EventType "swiss"]
[EventCountry "POL"]
[Tiebreak "Cut1 Buchholz"]
[SourceTitle "playchess.com"]
[Source "ChessBase"]
[SourceQuality "1"]
[TimeControl "180+2"]

1. e4 e5 2. Nf3 Nc6 3. Bb5 a6 4. Ba4 Nf6 5. O-O Be7 6. Re1 b5 7. Bb3 d6 8. c3 O-O 9. h3 Bb7 10. d4 Re8 11. Nbd2 Bf8 12. Bc2 h6 13.
d5 Nb8 14. c4 c6 15. b3 Nbd7 16. Nf1 cxd5 17. exd5 bxc4 18. bxc4 Qc7 19. Ne3 Nc5 20. Nf5 Bc8 21. Be3 Rb8 22. Rb1 Bd7 23. N3h4 Rxb1 24. Bxb1 Rb8 25. g4 Nh7 26. Nf3 Rb2 27. Nd2 Qb6 28. Nb3 Qb4 29. Nxc5 dxc5 30. d6 Nf6 31. Ne7+ Kh8 32. Bf5 Rxa2 33. Bxd7 Nxd7 34. Rf1 Qxc4 35. Qf3 Qe6 36. Rd1 c4 37. Qa8 c3 38. Qc8 c2 39. Rc1 Qxd6 40. Nf5 Qd1+ 41. Kg2 Qd5+ 42. Kg3 Qd3 43. Kg2 Qd5+ 44. Kg3 Qd3 45. Kh2 e4 46. g5 hxg5 47. Bxg5 g6 48. Nh6 Qd6+ 49. Kg2 Kg7 50. Ng4 Qd5 51. Be3 f5 52. Nh6 Bd6 53. Qxd7+ Kf6 54. Qd8+ Kg7 55. Qd7+ Kf6 56. Ng8+ Qxg8 57. Qxd6+ Kf7 58. Qd5+ Kg7 59. Bd4+ Kh7 60. Qd7+ Kh6 61. Be3+ g5 62. Qxf5 a5 63. h4 a4 64. Bxg5+ Kh5 65. Kh2 Qg6 66. Qe5 Kg4 67. Rg1+ Kf3 68. Qf4+ Ke2 69. Qe3# 1-0

[Event "FIDE Women World Blitz 2021"]
[Site "Warsaw"]
[Date "2021.12.30"]
[Round "15.10"]
[White "Brambilla, Renee Blandy T."]
[Black "Kucharska, Honorata"]
[Result "0-1"]
[ECO "D36"]
[WhiteElo "1651"]
[BlackElo "2168"]
[Annotator "NA"]
[PlyCount "82"]
[EventDate "2021.12.29"]
[EventType "swiss"]
[EventCountry "POL"]
[Tiebreak "Cut1 Buchholz"]
[SourceTitle "playchess.com"]
[Source "ChessBase"]
[SourceQuality "1"]
[TimeControl "180+2"]

1. d4 d5 2. c4 e6 3. Nc3 Nf6 4. Bg5 Be7 5. cxd5 exd5 6. e3 c6 7. Qc2 O-O 8. Nf3 h6 9. Bh4 Re8 10. Bd3 Nbd7 11. O-O Nf8 12. Rac1 Be6 13. Ne5 N6d7 14. Bxe7 Qxe7 15. Nxd7 Qxd7 16. Ne2 Re7 17. Ng3 Qd8 18. a3 a5 19. h3 Rc7 20. Qc5 Rcc8 21. Rc2 b6 22. Qc3 c5 23. Rfc1 Qg5 24. a4 h5 25. dxc5 bxc5 26. Qd2 h4 27. Nf1 c4 28. Be2 Nd7 29. Bg4 Bxg4 30. hxg4 Nf6 31. Nh2 Rd8 32. Qd4 Ne4 33. f4 Qe7 34. g5 Nc5 35. Rd1 Nb3 36. Qc3 Qb4 37. Qxb4 axb4 38. Ng4 Rxa4 39. Ne5 Raa8 40. Nc6 Re8 41. Re1 Ra4 0-1

[Event "FIDE Women World Blitz 2021"]
[Site "Warsaw"]
[Date "2021.12.30"]
[Round "15.11"]
[White "Kashlinskaya, Alina"]
[Black "Kovanova, Baira"]
[Result "1-0"]
[ECO "D35"]
[WhiteElo "2482"]
[BlackElo "2331"]
[Annotator "ChessBase"]
[PlyCount "89"]
[EventDate "2021.12.29"]
[EventType "swiss"]
[EventCountry "POL"]
[Tiebreak "Cut1 Buchholz"]
[SourceTitle "playchess.com"]
[Source "ChessBase"]
[SourceQuality "1"]
[TimeControl "180+2"]

1. d4 d5 2. c4 e6 3. Nc3 Nf6 4. Nf3 Nbd7 5. cxd5 exd5 6. Bf4 c6 7. Qc2 Be7 8. h3 O-O 9. e3 Re8 10. Bd3 Nf8 11. O-O-O b5 12. g4 Qa5 13. Ne5 Bb7 14. Kb1 b4 15. Na4 c5 16. Nxc5 Bxc5 17. Qxc5 Qxc5 18. dxc5 Rac8 19. c6 Ba8 20. Ba6 Rc7 21. Nd3 Rxc6 22. Bb5 d4 23.
Bxc6 Bxc6 24. Rhe1 Nd5 25.
exd4 Ne6 26. Bd6 a5 27. Nc5 Bb5 28. Nxe6 fxe6 29. Rc1 Kf7 30. Rc5 Bd3+ 31. Ka1 a4 32. Ra5 b3 33. Rxa4 bxa2 34. Rxa2 Rd8 35. Ra7+ Kg6 36. Rxe6+ Nf6 37. Be5 Rc8 38. b4 Rc2 39. g5 Rc1+ 40. Kb2 Rb1+ 41. Ka2 Rf1 42. Rd6 Rxf2+ 43. Kb3 Kxg5 44. Rxg7+ Bg6 45. h4+ 1-0

[Event "FIDE Women World Blitz 2021"]
[Site "Warsaw"]
[Date "2021.12.30"]
[Round "15.11"]
[White "Kolaric, Spela"]
[Black "Budkiewicz, Magdalena"]
[Result "0-1"]
[ECO "B23"]
[WhiteElo "2178"]
[BlackElo "1624"]
[Annotator "NA"]
[PlyCount "84"]
[EventDate "2021.12.29"]
[EventType "swiss"]
[EventCountry "POL"]
[Tiebreak "Cut1 Buchholz"]
[SourceTitle "playchess.com"]
[Source "ChessBase"]
[SourceQuality "1"]
[TimeControl "180+2"]

1. e4 c5 2. Nc3 d6 3. f4 e6 4. Nf3 Nf6 5. g3 Be7 6. Bg2 O-O 7. O-O Nc6 8.
Kh1 a6 9. a4 Bd7 10. d3 Rb8 11. d4 cxd4 12. Nxd4 Nxd4 13. Qxd4 Bc6 14. Be3 Qc7 15. Rad1 Rbd8 16. Qb6 Qxb6 17. Bxb6 Rc8 18. Rd2 Nd7 19. Be3 Nc5 20. b3 Rfd8 21. Rfd1 Nd7 22. Kg1 Nf6 23. Rd4 Be8 24. Bd2 d5 25. Kf1 Bc5 26. Rd3 d4 27. Ne2 b5 28. Ba5 Rd7 29. Nxd4 bxa4 30. b4 Bxd4 31. Rxd4 Rxd4 32. Rxd4 Bb5+ 33. Ke1 Rxc2 34. Rd8+ Ne8 35. Bh3 g6 36. f5 Kg7 37. fxe6 fxe6 38. Bxe6 Re2+ 39. Kd1 Rxe4 40. Bc8 a3 41. Rd2 Ba4+ 42. Kc1 Re1+ 0-1

[Event "FIDE Women World Blitz 2021"]
[Site "Warsaw"]
[Date "2021.12.30"]
[Round "15.12"]
[White "Zatonskih, Anna"]
[Black "Injac, Teodora"]
[Result "1-0"]
[ECO "E62"]
[WhiteElo "2394"]
[BlackElo "2387"]
[Annotator "NA"]
[PlyCount "77"]
[EventDate "2021.12.29"]
[EventType "swiss"]
[EventCountry "POL"]
[Tiebreak "Cut1 Buchholz"]
[SourceTitle "playchess.com"]
[Source "ChessBase"]
[SourceQuality "1"]
[TimeControl "180+2"]

1. d4 Nf6 2. Nf3 g6 3. g3 Bg7 4. Bg2 O-O 5. O-O d6 6. c4 Nc6 7. Nc3 Bf5 8. b3 Ne4 9. Bb2 Nxc3 10. Bxc3 Be4 11. Rc1 e6 12. e3 d5 13. Qe2 a5 14. a3 Qe7 15. Bb2 Rfe8 16. Rfd1 Ra6 17. Bf1 Raa8 18. Nd2 g5 19. Nxe4 dxe4 20. Bg2 f5 21. f3 exf3 22. Qxf3 g4 23. Qe2 Rad8 24. Rc2 h5 25. Rcd2 h4 26. e4 Qg5 27. Qf2 h3 28.
Bh1 Ne7 29. Bc1 Qg6 30. Re2 c6 31. Bb2 Rd7 32. Rde1 Red8 33. exf5 Qxf5 34. Rxe6 Qxf2+ 35. Kxf2 Nf5 36. R6e4 Nxd4 37. Rxg4 c5 38. Bd5+ Kf8 39. Rf4+ 1-0